 Dungeon Crawl Stone Soup version 0.29.0-13-gc9e81de378 (webtiles) character file.

Game seed: 16309914788680334511

18337 Ofeo the Thaumaturge (level 13, -29/107 HPs)
             Began as a Meteoran Earth Elementalist on Sept 8, 2022.
             Was a Follower of Ashenzari.
             Annihilated by a skeletal warrior
             ... wielding a +0 scimitar
              (32 damage)
             ... on level 14 of the Dungeon on Sept 9, 2022.
             The game lasted 00:52:26 (4724 turns).

Ofeo the Thaumaturge (Meteoran Earth Elementalist)  Turns: 4724, Time: 00:52:27

Health: -29/107    AC:  6    Str: 12    XL:     13   Next: 22%
Magic:  27/27      EV: 19    Int: 21    God:    Ashenzari [*.....]
Gold:   573        SH:  0    Dex: 20    Spells: 13/31 levels left

rFire   . . .      SeeInvis .   m - staff of earth
rCold   . . .      Faith    .   (no shield)
rNeg    . . .      Spirit   .   B - +2 leather armour {rPois}
rPois   +          Reflect  .   (no helmet)
rElec   .          Harm     .   (no cloak)
rCorr   .          Rampage  .   (no gloves)
Will    +....                   r - +0 pair of boots "Tethered With Me" {Cun, Range} (curse)
Stlth   ++........              (no amulet)
HPRegen 0.27/turn               y - ring "Eternal Seer" {Dex+6, Evo, Comp} (curse)
MPRegen 0.20/turn               (no ring)

@: about to teleport, glowing
A: sense surroundings 2, otherworldly, glowing, explore regen
a: Renounce Religion, Shatter the Chains


You were on level 14 of the Dungeon.
You worshipped Ashenzari.
Ashenzari was aware of your devotion.
You visited 2 branches of the dungeon, and saw 16 of its levels.
You also visited: Bailey.

You collected 573 gold pieces.

Inventory:

Hand Weapons
 s - the +4 whip of Recklessness {drain, rF+ Will++ Int+4 Dex-5}
   (You found it on level 4 of the Dungeon)

   A truly terrible weapon, it drains the life of any living foe it strikes.
   Int:       It affects your intelligence (+4).
   Dex:       It affects your dexterity (-5).
   rF:        It protects you from fire.
   Will:      It greatly increases your willpower.
 x - a +2 flail of protection
 A - a +3 broad axe
 H - a +1 vampiric demon blade
Missiles
 l - 16 poisoned darts
Armour
 a - a +0 robe
 p - +0 steam dragon scales
 r - the cursed +0 pair of boots "Tethered With Me" (worn) {Cun, Range}
   (You found it on level 3 of the Dungeon)

   It has a curse which improves the following skills: Cunning: Dodging and
   Stealth.
   Ranged Combat: Ranged Weapons and Throwing.
 u - a +2 leather armour of fire resistance
 B - a +2 leather armour of poison resistance (worn)
 F - +0 acid dragon scales
Magical Staves
 e - a staff of conjuration
 m - a staff of earth (weapon)
Jewellery
 c - a ring of ice
 w - a ring of fire
 y - the cursed ring "Eternal Seer" (left hand) {Dex+6, Evo, Comp}
   (You found it on level 5 of the Dungeon)

   [ring of dexterity]

   Dex:       It affects your dexterity (+6).
   It has a curse which improves the following skills: Evocations: Evocations.
   Companions: Summonings and Necromancy.
 J - a ring of willpower
Wands
 g - a wand of flame (6)
 j - a wand of roots (6)
Scrolls
 i - 5 scrolls of identify {@r1}
 n - 3 scrolls of immolation
 t - 2 scrolls of blinking {@r4}
 v - a scroll of fog
 D - a scroll of enchant armour
 I - a scroll of magic mapping
 K - 2 scrolls of fear
 L - a scroll of amnesia
Potions
 b - 2 potions of magic
 f - a potion of might {@q4}
 k - 2 potions of mutation
 o - a potion of cancellation
 q - 4 potions of haste {@q3}
 z - 5 potions of lignification
 C - 5 potions of brilliance
 G - a potion of ambrosia
 M - a potion of resistance {@q6}
Miscellaneous
 E - a tin of tremorstones (2/2)
 N - a condenser vane (inert)


   Skills:
 + Level 8.2 Fighting
 + Level 9.8(10.6) Dodging
 + Level 6.7(7.6) Stealth
 + Level 9.8 Spellcasting
 + Level 9.0 Conjurations
 - Level 7.2 Transmutations
 + Level 5.8 Fire Magic
 - Level 8.1 Earth Magic
 + Level 5.7(6.6) Evocations


You had 13 spell levels left.
You knew the following spells:

 Your Spells              Type           Power      Damage    Failure   Level
a - Sandblast             Erth           100%       2d20      1%          1
b - Passwall              Tmut/Erth      49%        N/A       1%          2
c - Stone Arrow           Conj/Erth      100%       3d13      1%          3
d - Petrify               Tmut/Erth      59%        N/A       3%          4
e - Poisonous Vapours     Pois/Air       20%        N/A       13%         2
f - Conjure Flame         Conj/Fire      41%        6-21      1%          3
g - Inner Flame           Hex/Fire       22%        N/A       8%          3

Your spell library contained the following spells:

 Spells                   Type           Power      Damage    Failure   Level
 Spider Form              Tmut/Pois      25%        N/A       6%          3
 Ensorcelled Hibernation  Hex/Ice        20%        N/A       13%         2
 Teleport Other           Tloc           10%        N/A       26%         3
 Anguish                  Hex/Necr       5%         N/A       63%         4
 Corpse Rot               Necr/Pois/Air  10%        N/A       63%         4


Dungeon Overview and Level Annotations

Branches:
Dungeon (15/15) Zot: 4474  Temple (1/1) D:6 Zot: 583     Orc (0/2) D:11
 Bailey (visited)
   Lair: D:8-11      Vaults: D:13-14     Depths: D:15

Altars:
Ashenzari
Cheibriados
Dithmenos
Fedhas
Makhleb
Nemelex Xobeh
Qazlal
Trog
Vehumet
Wu Jian
Xom
Yredelemnul

Annotations:
D:10 Sonja


Innate Abilities, Weirdness & Mutations

You passively map the area around you.
You are easily found by Zot.
You glow in the dark.
You regain HP and MP as you explore.


Message History

As you read the scroll of teleportation {@r3}, it crumbles to dust.
You feel strangely unstable.
The centaur warrior shoots an arrow.
The arrow barely misses you.
Found a scroll of identify.
The centaur warrior unwields a +0 longbow.
The centaur warrior hits you.
The centaur warrior kicks you but does no damage.
You take 3 damage, and have 47/107 hp.
The centaur warrior misses you. The centaur warrior kicks you.
Your surroundings seem slightly different.
The centaur warrior wields a +0 longbow.
The centaur warrior shoots an arrow.
The arrow hits you!!
* * * LOW HITPOINT WARNING * * *
The skeletal warrior closely misses you.
You take 18 damage, and have 30/107 hp.
The skeletal warrior attacks as you move away!
The skeletal warrior barely misses you.
The skeletal warrior attacks as you move away!
The skeletal warrior barely misses you.
The skeletal warrior attacks as you move away!
The skeletal warrior hits you with a +0 scimitar!!
* * * LOW HITPOINT WARNING * * *
You take 20 damage, and have 10/107 hp.
A skeletal warrior comes into view.
It is wielding a +2 battleaxe of draining.
You feel much better.
The skeletal warrior hits you with a +0 scimitar!!
* * * LOW HITPOINT WARNING * * *
You take 8 damage, and have 3/107 hp.
Okay, then.
Okay, then.
Okay, then.
Okay, then.
Okay, then.
Okay, then.
Okay, then.
Okay, then.
As you read the scroll of teleportation {@r3}, it crumbles to dust.
You feel strangely unstable.
The skeletal warrior hits you with a +0 scimitar!!
You die...

* *** .?..#.. ###
* , * , ,
#..)..#####..# . *
,
#....#..#...##.#.
, *
#...ยง.#........ ,
* *
#..#c......#.... *
#. #.............
,, * #
####......#....# *
##zc..#.........#
**
#@#....C........C
,
###...............
,,
##..##...........
* *
#>...............
*
#...#.#........##
##...#...........
, *
#.....z##....... ,
#......##....... ,
, *
#.##.....<.......


You could see a skeletal warrior and a centaur warrior.

Vanquished Creatures
  An orc warlord (Bailey)
  2 hydras
  A boulder beetle (D:12)
  A two-headed ogre (D:9)
  2 orc knights (D:15)
  A deep elf pyromancer (D:14)
  3 cyclopes (D:12)
  5 ugly things
  Joseph (D:10)
  An unseen horror (D:10)
  2 kobold demonologists (D:12)
  2 komodo dragons (D:12)
  4 trolls
  2 hornets (D:10)
  A slime creature (D:14)
  3 shadows
  A wraith (D:12)
  14 yaks
  A steam dragon (D:9)
  A basilisk (D:14)
  2 vampire mosquitoes (D:12)
  Edmund (D:5)
  An acid dragon (D:9)
  2 water moccasins (D:7)
  Duvessa (D:7)
  16 orc warriors
  An ice beast (D:5)
  A black bear (D:5)
  3 ogres
  2 sky beasts
  2 centaurs
  A phantom (D:5)
  2 kobold brigands
  A gnoll sergeant (D:11)
  A bullfrog (D:8)
  2 necrophages
  Dowan (D:7)
  3 killer bees (D:9)
  5 howler monkeys (D:10)
  A hound (D:7)
  A jelly (D:6)
  8 orc priests
  2 gnoll boudas (D:8)
  5 iguanas
  Jessica (D:2)
  4 orc wizards
  19 gnolls
  2 adders
  A shadow imp (D:7)
  2 dart slugs (D:1)
  51 orcs
  2 ball pythons
  A bat (D:1)
  An endoplasm (D:3)
  12 hobgoblins
  7 jackals
  3 quokkas
  A frilled lizard (D:3)
  7 goblins
  12 kobolds
  2 rats
242 creatures vanquished.

Vanquished Creatures (collateral kills)
  3 gnolls (Bailey)
  A goblin (Bailey)
4 creatures vanquished.

Vanquished Creatures (others)
  2 orc warriors (Bailey)
2 creatures vanquished.

Grand Total: 248 creatures vanquished

Notes
Turn   | Place    | Note
-------+----------+-------------------------------------------
     0 | D:1      | Ofeo the Meteoran Earth Elementalist began the quest for
                  | the Orb.
     0 | D:1      | Reached XP level 1. HP: 14/14 MP: 5/5
   120 | D:1      | Reached XP level 2. HP: 19/20 MP: 4/6
   216 | D:2      | Noticed Jessica
   220 | D:2      | Killed Jessica
   221 | D:2      | Reached XP level 3. HP: 26/26 MP: 5/8
   252 | D:3      | Reached XP level 4. HP: 27/33 MP: 4/9
   347 | D:5      | Entered Level 5 of the Dungeon
   354 | D:4      | Reached XP level 5. HP: 27/38 MP: 7/11
   357 | D:4      | Learned a level 2 spell: Passwall
   361 | D:4      | Learned a level 3 spell: Stone Arrow
   366 | D:4      | Learned a level 4 spell: Petrify
   622 | D:4      | Identified the +4 whip of Recklessness {drain, rF+ Will++
                  | Int+4 Dex-5}
   717 | D:5      | Noticed a phantom
   726 | D:5      | Killed a phantom
   727 | D:5      | Reached skill level 1 in Conjurations
   727 | D:5      | Reached XP level 6. HP: 34/46 MP: 6/12
   730 | D:5      | Learned a level 2 spell: Poisonous Vapours
   738 | D:5      | Reached skill level 1 in Fighting
   789 | D:5      | Noticed Edmund
   811 | D:5      | Killed Edmund
   812 | D:5      | Reached XP level 7. HP: 9/52 MP: 3/14
  1018 | D:5      | Reached skill level 5 in Earth Magic
  1020 | D:5      | Reached XP level 8. HP: 49/62 MP: 10/15
  1241 | D:6      | Found a sparkling altar of Nemelex Xobeh.
  1343 | D:6      | Reached skill level 5 in Spellcasting
  1373 | D:6      | Found a staircase to the Ecumenical Temple.
  1382 | Temple   | Entered the Ecumenical Temple
  1390 | Temple   | Became a worshipper of Ashenzari the Shackled
  1492 | D:7      | Found a flagged portal.
  1512 | D:7      | Reached skill level 5 in Dodging
  1517 | Bailey   | Entered a bailey
  1588 | Bailey   | Gained mutation: You passively map the area around you.
                  | [Meteoran growth]
  1588 | Bailey   | Reached XP level 9. HP: 12/70 MP: 6/18
  1616 | Bailey   | Noticed an orc warlord
  1629 | Bailey   | Reached skill level 5 in Transmutations
  1686 | Bailey   | Killed an orc warlord
  1687 | Bailey   | Reached skill level 5 in Conjurations
  1687 | Bailey   | Reached XP level 10. HP: 45/80 MP: 10/20
  1949 | D:7      | Noticed Dowan
  1950 | D:7      | Noticed Duvessa
  1951 | D:7      | Killed Dowan
  1995 | D:7      | Killed Duvessa
  2028 | D:7      | Reached skill level 5 in Fighting
  2078 | D:8      | Found a blossoming altar of Fedhas.
  2149 | D:10     | Entered Level 10 of the Dungeon
  2149 | D:10     | Found Hukidwom's Armour Shoppe.
  2158 | D:9      | Noticed a two-headed ogre
  2177 | D:9      | Killed a two-headed ogre
  2396 | D:9      | Acquired Easy Theurgy
  2403 | D:9      | Learned a level 3 spell: Conjure Flame
  2490 | D:9      | Reached skill level 5 in Stealth
  2541 | D:10     | Reached XP level 11. HP: 89/89 MP: 18/23
  2836 | D:10     | Reached skill level 1 in Fire Magic
  2836 | D:10     | Reached skill level 1 in Evocations
  2842 | D:10     | Noticed Sonja
  2847 | D:10     | Noticed Joseph
  2944 | D:10     | Killed Joseph
  3196 | D:11     | Noticed a seven-headed hydra
  3222 | D:11     | Learned a level 3 spell: Inner Flame
  3225 | D:11     | Killed a seven-headed hydra
  3503 | D:11     | Reached XP level 12. HP: 88/97 MP: 9/25
  3579 | D:11     | Found a staircase to the Orcish Mines.
  3828 | D:12     | Noticed a five-headed hydra
  3838 | D:12     | Killed a five-headed hydra
  4126 | D:12     | Noticed a boulder beetle
  4143 | D:12     | Killed a boulder beetle
  4145 | D:12     | Reached skill level 5 in Fire Magic
  4232 | D:12     | Reached skill level 5 in Evocations
  4423 | D:14     | You fall into a shaft and drop 1 floor!
  4423 | D:15     | Entered Level 15 of the Dungeon
  4430 | D:15     | Noticed an orc knight
  4437 | D:15     | Killed an orc knight
  4449 | D:15     | Noticed an orc knight
  4462 | D:15     | Killed an orc knight
  4463 | D:15     | Reached XP level 13. HP: 54/107 MP: 15/27
  4506 | D:15     | Reached * piety under Ashenzari
  4714 | D:14     | Noticed a centaur warrior
  4723 | D:14     | HP: 3/107 [skeletal warrior/+0 scimitar (23)]
  4724 | D:14     | Annihilated by a skeletal warrior

Illustrated notes

Levels and vault maps discovered:
D:1:      dpeg_arrival_leaves_temple_mockup, layout_loops_ring,
          chequers_ecumenical_altar_simple_redux
D:2:      layout_basic, minmay_vboxes, uniq_sigmund, uniq_jessica
D:3:      layout_rooms
D:4:      layout_basic, uniq_crazy_yiuf_cottage
D:5:      layout_basic, uniq_edmund
D:6:      layout_cave_pools, amcnicky_altar_gilded, mainiacjoe_overflow_catwalk,
          jmf_multi_god_temple, minmay_temple_entry_poolview,
          kennysheep_generic_room_2
D:7:      layout_basic, enter_bailey_4, amethyst_killhole, grunt_decor_junction,
          uniq_duvessa
D:8:      layout_loops_ring, mainiacjoe_overflow_24_doors,
          mainiacjoe_overflow_boulevard, lair_entry_dummy, uniq_amaemon
D:9:      layout_small_grid, hangedman_decor_growths, dk_vineyard_3,
          kennysheep_nondescript, hangedman_abyss_or_decor_passed,
          nicolae_figureground_pulse
D:10:     layout_loops_ring, serial_shops, nicolae_stop_n_shop_2, special_room
          [special_room_orc], uniq_sonja, uniq_joseph
D:11:     nicolae_cairo_tiling_large, layout_layer_cave,
          minmay_orc_entry_temple_small, portal_ice_cave_entry_pillars_2
D:12:     layout_basic, kennysheep_kite_vault
D:13:     minmay_the_grid_square_5x5_3x3
          [minmay_the_grid_square_5x5_tetrominoes,
          minmay_the_grid_square_5x5_two_small,
          minmay_the_grid_square_5x5_inverted_slash,
          minmay_the_grid_square_5x5_broken_cross,
          minmay_the_grid_square_5x5_megaprize_diamond,
          minmay_the_grid_square_5x5_almost_minimal,
          minmay_the_grid_square_5x5_checkered_statues,
          minmay_the_grid_square_5x5_misaligned,
          minmay_the_grid_square_5x5_moneybag], layout_basic,
          hangedman_vaults_entry_quadrant_bands, nicolae_trove_entry_diagonal,
          uniq_josephine
D:14:     layout_layer_cave, hangedman_decor_push
D:15:     grunt_enter_depths_hoard, layout_loops_ring, grunt_gozag_statues
Temple:   compressed_dpeg_triangle_lava_temple

Skill      XL: |  1  2  3  4  5  6  7  8  9 10 11 12 13 |
---------------+----------------------------------------+-----
Spellcasting   | 3 4 5 6 7 8 9 |  9.8
Transmutations | 2 3 4 5 6 7 |  7.2
Earth Magic    | 4 5 6 7 8 |  8.1
Dodging        | 3 4 5 6 7 8 9 |  9.8
Stealth        | 2 3 4 5 6 |  6.7
Conjurations   | 1 2 3 5 6 7 8 9 |  9.0
Fighting       | 1 2 3 4 5 6 7 8 |  8.2
Fire Magic     | 3 5 |  5.8
Evocations     | 3 5 |  5.7

Action                   |  1- 3 |  4- 6 |  7- 9 | 10-12 | 13-15 || total
-------------------------+-------+-------+-------+-------+-------++-------
Melee: Whip              |       |     6 |     2 |    10 |       ||    18
       Unarmed           |       |     1 |       |       |       ||     1
       Staff             |       |       |       |    12 |       ||    12
       Punch             |       |       |       |     1 |       ||     1
 Cast: Sandblast         |    15 |    32 |    85 |   226 |    18 ||   376
       Poisonous Vapours |       |     4 |     3 |     1 |     1 ||     9
       Stone Arrow       |       |     1 |    10 |    66 |    11 ||    88
       Petrify           |       |       |       |    18 |       ||    18
       Conjure Flame     |       |       |       |    15 |     5 ||    20
       Inner Flame       |       |       |       |     9 |       ||     9
Invok: Curse Item        |       |       |       |     1 |     1 ||     2
Evoke: Wand              |       |     4 |    15 |    32 |     2 ||    53
       Condenser vane    |       |       |       |       |     1 ||     1
  Use: Scroll            |       |       |    15 |     5 |     5 ||    25
       Potion            |       |       |     6 |     3 |     2 ||    11
 Stab: Petrified         |       |       |       |     7 |       ||     7
       Petrifying        |       |       |       |     1 |       ||     1
Armor: Robe              |     3 |     2 |     4 |     4 |       ||    13
       Leather armour    |       |       |       |    33 |     3 ||    36
Dodge: Dodged            |     2 |    12 |    39 |   160 |    15 ||   228
